 Dungeon Crawl Stone Soup version 0.27.1-1-g398f81649c (webtiles) character file.

Game seed: 12812089838016735949

86 acemry the Changer (level 4, -21/28 HPs)
             Began as an Octopode Transmuter on Sept 5, 2021.
             Demolished by an ogre (31 damage)
             ... on level 4 of the Dungeon.
             The game lasted 00:06:15 (3163 turns).

acemry the Changer (Octopode Transmuter)            Turns: 3163, Time: 00:06:15

Health: -21/28     AC:  1    Str:  9    XL:     4   Next: 49%
Magic:  6/7        EV: 12    Int: 16    God:
Gold:   122        SH:  3    Dex: 12    Spells: 6/7 levels left

rFire    + . .     SeeInvis .     - Unarmed
rCold    . . .     Faith    .   i - +0 buckler
rNeg     . . .     Spirit   .   (helmet currently unavailable)
rPois    .         Reflect  .   (no amulet)
rElec    .         Harm     .   h - ring of protection from fire
rCorr    .         Rampage  .   (no ring)
Will     .....                  (no ring)
Stlth    ++........             (no ring)
HPRegen  0.09/turn              (no ring)
MPRegen  0.10/turn              (no ring)
                                (no ring)
                                (no ring)

@: appendages
A: tentacle spike 3, almost no armour, amphibious, 8 rings, camouflage 1,
gelatinous body 1, (nimble swimmer 1), tentacles
a: End Transformation


You were on level 4 of the Dungeon.
One of your tentacles had grown a beastly spike.
You visited 1 branch of the dungeon, and saw 4 of its levels.

You collected 122 gold pieces.

Inventory:

Missiles
 b - 18 poisoned darts
Armour
 i - a +0 buckler (worn)
Jewellery
 h - a ring of protection from fire (left tentacle)
Wands
 k - a wand of paralysis (7)
Scrolls
 c - 3 scrolls of identify {unknown}
 e - 3 scrolls of enchant weapon {unknown}
 g - 2 scrolls of teleportation {unknown}
 j - a scroll of magic mapping {unknown}
Potions
 a - a potion of haste {unknown}
 d - a potion of curing {unknown}
 f - a potion of magic {unknown}


   Skills:
 - Level 1.0 Fighting
 - Level 2.0 Dodging
 - Level 0.8 Stealth
 * Level 0.9 Shields
 - Level 3.0 Unarmed Combat
 - Level 2.0 Spellcasting
 * Level 4.3 Transmutations


You had 6 spell levels left.
You knew the following spells:

 Your Spells              Type           Power      Damage    Failure   Level
a - Beastly Appendage     Tmut           30%        N/A       4%          1

Your spell library contained the following spells:

 Spells                   Type           Power      Damage    Failure   Level
 Wereblood                Tmut           15%        N/A       8%          2
 Magic Dart               Conj           4%         1d3       30%         1
 Spider Form              Tmut/Pois      4%         N/A       36%         3
 Searing Ray              Conj           2%         3d3       41%         2
 Slow                     Hex            1%         N/A       41%         2
 Confusing Touch          Hex            1%         N/A       65%         3
 Ice Form                 Ice/Tmut       8%         N/A       77%         4
 Fulminant Prism          Conj/Hex       0%         3d6       96%         4
 Yara's Violent Unravell  Hex/Tmut       4%         3d4       98%         5


Dungeon Overview and Level Annotations

Branches:
Dungeon (4/15)
 Temple: D:4-7

Altars:
Gozag
Hepliaklqana
Sif Muna
Xom
Yredelemnul
Zin


Innate Abilities, Weirdness & Mutations

One of your tentacles has grown a beastly spike.
You cannot wear most types of armour.
You are amphibious.
You can wear up to eight rings at the same time.
Your skin changes colour to match your surroundings (Stealth+).
Your rubbery body absorbs attacks. (AC +1, EV +1)
((You are camouflaged near water. (Stealth+)))
You have tentacles for arms and can constrict up to eight enemies at once.


Message History

You tentacle-slap the ogre but do no damage.
The helpless ogre fails to defend itself.
You tentacle-slap the ogre.
The ogre is lightly wounded.
The helpless ogre fails to defend itself.
You tentacle-slap the ogre.
The ogre is moderately wounded.
The helpless ogre fails to defend itself.
You tentacle-slap the ogre.
The ogre is moderately wounded.
The helpless ogre fails to defend itself.
You tentacle-slap the ogre.
The ogre is moderately wounded.
The ogre is no longer paralysed.
The ogre barely misses you.
You closely miss the ogre.
The ogre is moderately wounded.
Your magical contamination has completely faded away.
You tentacle-slap the ogre.
The ogre is heavily wounded.
The ogre closely misses you.
You tentacle-slap the ogre but do no damage.
You squeeze the ogre.
The ogre is heavily wounded.
The ogre barely misses you.
You tentacle-slap the ogre.
The ogre is severely wounded.
You block the ogre's attack.
You tentacle-slap the ogre.
The ogre is severely wounded.
You block the ogre's attack.
You tentacle-slap the ogre.
The ogre is severely wounded.
One of your tentacles grows a vicious spike.
The ogre hits you with a +0 giant club!!
Ouch! That really hurt!
You barely miss the ogre.
You pierce the ogre.
The ogre is severely wounded.
The ogre hits you with a +0 giant club!!
Ouch! That really hurt!
You die...

####..# #.#.......
......##########.#.......
.........................
......###.######..####...
##.#.#............##
.#.................#
.#...#.##.######.#.#
..........######.###
................@#
.#..............O##
.##...............# ##
.##.##.######.###
...........# ....(.....+
..#.###.#.# ........###
#.#.##..#


You could see an ogre.

Vanquished Creatures
  An orc wizard (D:3)
  A hound skeleton (D:4)
  A worm (D:3)
  3 dart slugs
  2 orcs (D:3)
  2 endoplasms
  2 giant cockroaches
  4 hobgoblins
  6 jackals
  4 kobolds
  2 quokkas (D:3)
  2 ball pythons
  4 bats
  A frilled lizard (D:3)
  A rat (D:1)
36 creatures vanquished.

Notes
Turn   | Place    | Note
-------+----------+-------------------------------------------
     0 | D:1      | acemry the Octopode Transmuter began the quest for the Orb.
     0 | D:1      | Reached XP level 1. HP: 13/13 MP: 3/3
   354 | D:1      | Reached XP level 2. HP: 18/18 MP: 3/5
   622 | D:1      | Found a faded altar of an unknown god.
  1111 | D:2      | Reached skill level 3 in Transmutations
  1137 | D:2      | Found a hazy altar of Hepliaklqana.
  1223 | D:2      | Reached XP level 3. HP: 20/23 MP: 4/6
  1951 | D:3      | Found an opulent altar of Gozag.
  2014 | D:3      | Found a shimmering altar of Xom.
  2016 | D:3      | Found a shimmering blue altar of Sif Muna.
  2018 | D:3      | Found a glowing silver altar of Zin.
  2018 | D:3      | Found a basalt altar of Yredelemnul.
  2142 | D:3      | Reached skill level 4 in Transmutations
  2142 | D:3      | Reached XP level 4. HP: 12/28 MP: 5/7
  3136 | D:4      | Noticed an ogre
  3163 | D:4      | Demolished by an ogre

Illustrated notes

Levels and vault maps discovered:
D:1:      minmay_arrival_hallway, layout_basic,
          hellmonk_ecumenical_altar_pennies_from_heaven, serial_forest,
          infiniplex_forest_side_room, infiniplex_forest_clump_long,
          infiniplex_forest_side_room, infiniplex_forest_straight_2,
          infiniplex_forest_clump_long, infiniplex_forest_lined_3_way,
          infiniplex_forest_clump_C, minmay_misc_feat_diagonals
D:2:      layout_basic, basic_altar
D:3:      layout_basic, grunt_temple_overflow_open, grunt_gozag_statues,
          corexii_shack
D:4:      layout_basic, nicolae_hepliaklqana_ecumenical_no_more,
          gammafunk_temple_overflow_pools

Skill      XL: |  1  2  3 |
---------------+----------+-----
Transmutations | 3 4 |  4.3
Fighting       | |  1.0
Dodging        | |  2.0
Stealth        | |  0.8
Shields        | |  0.9
Unarmed Combat | |  3.0
Spellcasting   | |  2.0

Action                   |  1- 3 |  4- 6 || total
-------------------------+-------+-------++-------
Melee: Unarmed           |    63 |    35 ||    98
       Kick              |    13 |     8 ||    21
       Constrict         |    16 |     7 ||    23
       Tentacles         |    11 |     4 ||    15
       Punch             |     1 |       ||     1
Throw: Dart              |     1 |     2 ||     3
 Cast: Beastly Appendage |    27 |     8 ||    35
Evoke: Wand              |       |     1 ||     1
 Stab: Sleeping          |     2 |       ||     2
       Paralysed         |       |     5 ||     5
Armor: Skin              |     8 |     2 ||    10
Dodge: Dodged            |    57 |    16 ||    73
Block: Buckler           |       |     3 ||     3
